 Dungeon Crawl Stone Soup version 0.31-a0-355-g57cb03d3e8 (webtiles) character file.

Game seed: 17452213002421670388

877 Dordric the Mimic (level 8, -5/48 HPs)
             Began as a Merfolk Shapeshifter on July 25, 2023.
             Was an Initiate of Trog.
             Slain by a hound (6 damage)
             ... on level 6 of the Dungeon.
             The game lasted 00:04:43 (4235 turns).

Dordric the Mimic (Merfolk Shapeshifter)            Turns: 4235, Time: 00:04:43

Health: -5/48      AC:  1    Str: 16    XL:     8   Next: 4%
Magic:  8/8        EV: 13    Int:  5    God:    Trog [......]
Gold:   193        SH:  0    Dex: 22    Spells: 7/7 levels left

rFire   . . .        j - +5 mace "Hies" {speed, rElec rCorr Int-2}
rCold   . . .        (no shield)
rNeg    . . .        e - melded +0 ring mail
rPois   .            (no helmet)
rElec   +            y - +0 cloak
rCorr   +            (no gloves)
SInv    .            (no boots)
Will    .....        (no amulet)
Stlth   ++           t - +6 ring of dexterity
HPRegen 0.28/turn    (no ring)
MPRegen 0.11/turn

%: no passive effects
@: lethally poisoned (-5 -> -14), maw-form
A: devouring maw, reduced hp, (nimble swimmer 2), mertail
a: Begin Untransformation, Renounce Religion


You were on level 6 of the Dungeon.
You worshipped Trog.
Trog was noncommittal.
You were a creature with a mouth for a stomach.
You visited 2 branches of the dungeon, and saw 7 of its levels.

You collected 193 gold pieces.

Inventory:

Hand Weapons
 f - a +4 whip
 g - a +2 short sword of electrocution
 j - the +5 mace "Hies" (weapon) {speed, rElec rCorr Int-2}
   (You took it off a goblin on level 4 of the Dungeon)

   Int:       It affects your intelligence (-2).
   rElec:     It insulates you from electricity.
   rCorr:     It protects you from acid and corrosion.
 o - the +8 rapier of Ufysin {freeze, *Rage rPois Str+2 Stlth+}
   (You found it on level 2 of the Dungeon)

   Str:       It affects your strength (+2).
   rPois:     It protects you from poison.
   *Rage:     It berserks you when you make melee attacks (+20% chance).
   Stlth:     It makes you more stealthy.
Missiles
 v - a throwing net
Armour
 a - a +0 animal skin
 e - a +0 ring mail (melded)
 y - a +0 cloak (worn)
Jewellery
 t - a +6 ring of dexterity (left hand)
 u - a ring of fire
Talismans
 c - a beast talisman
 x - a maw talisman
Wands
 r - a wand of acid (10)
Scrolls
 d - a scroll of enchant armour
 h - a scroll of fear
 i - a scroll of revelation
 l - 2 scrolls of amnesia
 q - a scroll of fog {unknown}
 s - a scroll of enchant weapon
 z - a scroll of identify
Potions
 b - a potion of lignification
 k - a potion of berserk rage {unknown}
 m - a potion of magic {unknown}
 n - a potion of enlightenment {unknown}
 p - a potion of attraction {unknown}
 w - a potion of brilliance {unknown}


   Skills:
 - Level 1.1 Fighting
 - Level 2.6 Dodging
 + Level 7.6 Unarmed Combat
 + Level 8.0 Shapeshifting


You had 7 spell levels left.
You didn't know any spells.
Your spell library contained the following spells:

 Spells                   Type           Power      Damage    Failure   Level
 Slow                     Hex            0%         N/A       47%         1
 Sting                    Tmut/Pois      0%         1d3       47%         1
 Blink                    Tloc           0%         N/A       63%         2
 Lesser Beckoning         Tloc           0%         N/A       63%         2
 Momentum Strike          Conj/Tloc      0%         3d8       63%         2
 Poisonous Vapours        Pois/Air       0%         N/A       63%         2
 Confusing Touch          Hex            0%         N/A       85%         3
 Vampiric Draining        Necr           0%         2d6       85%         3
 Leda's Liquefaction      Hex/Erth       0%         N/A       99%         4
 Olgreb's Toxic Radiance  Pois           0%         N/A       99%         4
 Lee's Rapid Deconstruct  Erth           0%         3d4*      100%        5
 Leda's Unmaking          Conj/Erth      0%         9d1       100%        6


Dungeon Overview and Level Annotations

Branches:
Dungeon (6/15)             Temple (1/1) D:4

Altars:
Cheibriados
Dithmenos
Elyvilon
Fedhas
Gozag
Kikubaaqudgha
Makhleb
Nemelex Xobeh
Okawaru
Qazlal
Ru
Sif Muna
Trog
Vehumet
Wu Jian
Zin
The Shining One

Shops:
D:5 *


Innate Abilities, Weirdness & Mutations

You are a creature with a mouth for a stomach.
Your midsection houses a second, enormous mouth.
Your maximum health is decreased, since you lack skill for your form.
((You are very nimble when in or above water. (Stealth+, EV+, Speed+++)))
Your lower body shifts to a powerful aquatic tail in water.


Message History

The shadow imp hits you.
You hit the shadow imp.
You kill the shadow imp!
Trog accepts your kill. The kobold misses you.
Your Shapeshifting skill increases to level 8!
You hit the kobold brigand. Your bite misses the kobold brigand.
The kobold brigand is moderately wounded.
The kobold closely misses you.
The kobold hits you with a +1 vampiric short sword.
You sock the kobold brigand! You bite the kobold brigand!
The kobold brigand is almost dead.
The kobold hits you with a +0 dagger of protection.
The kobold brigand hits you with a +2 dagger of venom.
You closely miss the kobold brigand.
The kobold brigand is almost dead.
The hound bites you.
The howler monkey hoots and howls with incredible vigour!
The hound closely misses you. The kobold misses you.
The kobold completely misses you.
The kobold brigand hits you with a +2 dagger of venom.
You are poisoned.
You hear an angry hiss.
The hound attacks as you move away! The hound bites you.
The iguana attacks as you move away! The iguana misses you.
You feel very sick.
The kobold brigand hits you with a +2 dagger of venom!
* * * LOW HITPOINT WARNING * * *
You are lethally poisoned!
The kobold brigand attacks as you move away!
The kobold brigand completely misses you.
* * * LOW HITPOINT WARNING * * *
You feel very sick. The hound bites you but does no damage.
The kobold misses you.
* * * LOW HITPOINT WARNING * * *
You feel very sick.
* * * LOW HITPOINT WARNING * * *
You feel very sick. The hound bites you.
You die...

............. ...##..#####
... .#.....## ... #.#
#..##...#### #.. ..#
..####..#.. #.# ..# ###
#..#.# #.# ...# #
#..#.#####.#### #...#. #
#..........#.(###.....# ###
##....####..WhK.K....... ..#
#...######..#..KlK..♣.
..###..#........##K.KK......
..##...........#######h....#
..................# '#...#.
.....##.......##### ...#
.....##........### ..#
....#######.##...## .# ....#
#...###...#########


You could see a kobold brigand, a howler monkey, an iguana, a hound and 6
kobolds.

Vanquished Creatures
  Sigmund (D:6)
  A black bear (D:5)
  A phantom (D:4)
  2 bullfrogs (D:4)
  2 scorpions (D:4)
  2 hounds
  A jelly (D:5)
  2 orc wizards (D:4)
  An iguana (D:4)
  5 adders
  A shadow imp (D:6)
  An ufetubus (D:5)
  3 worms
  A dart slug (D:1)
  6 orcs (D:4)
  8 ball pythons
  11 endoplasms
  2 giant cockroaches
  3 goblins
  7 hobgoblins
  3 jackals (D:4)
  8 kobolds
  3 quokkas
  4 bats
  3 frilled lizards
  6 rats
88 creatures vanquished.

Notes
Turn   | Place    | Note
-------+----------+-------------------------------------------
     0 | D:1      | Dordric the Merfolk Shapeshifter began the quest for the
                  | Orb.
     0 | D:1      | Reached XP level 1. HP: 15/15 MP: 1/1
    77 | D:1      | Reached XP level 2. HP: 20/21 MP: 2/2
   341 | D:1      | Reached XP level 3. HP: 26/26 MP: 3/3
   836 | D:2      | Identified the +8 rapier of Ufysin {freeze, *Rage rPois
                  | Str+2 Stlth+}
   982 | D:2      | Reached XP level 4. HP: 32/32 MP: 4/4
  1127 | D:3      | Reached skill level 5 in Shapeshifting
  1307 | D:3      | Identified the +1 robe of Incorporation {rElec}
  1569 | D:4      | Found an ancient bone altar of Kikubaaqudgha.
  1570 | D:4      | Noticed a scorpion
  1577 | D:4      | Killed a scorpion
  1578 | D:4      | Reached skill level 5 in Unarmed Combat
  1578 | D:4      | Reached XP level 5. HP: 26/37 MP: 5/5
  1674 | D:4      | Found a radiant altar of Vehumet.
  1690 | D:4      | Reached skill level 6 in Shapeshifting
  1739 | D:4      | Reached XP level 6. HP: 28/43 MP: 6/6
  2449 | D:4      | Identified the +5 mace "Hies" {speed, rElec rCorr Int-2}
  2515 | D:4      | Reached XP level 7. HP: 41/48 MP: 7/7
  2530 | D:4      | Reached skill level 7 in Shapeshifting
  2772 | D:4      | Found a staircase to the Ecumenical Temple.
  2787 | Temple   | Entered the Ecumenical Temple
  2805 | Temple   | Became a worshipper of Trog the Wrathful
  2899 | D:5      | Entered Level 5 of the Dungeon
  3189 | D:5      | Found Cibicor's Assorted Antiques.
  4117 | D:6      | Noticed Sigmund
  4133 | D:6      | Killed Sigmund
  4134 | D:6      | Reached XP level 8. HP: 34/54 MP: 8/8
  4229 | D:6      | Reached skill level 8 in Shapeshifting
  4235 | D:6      | HP: 1/48 [poisoned by a kobold brigand]
  4235 | D:6      | Slain by a hound

Illustrated notes

Levels and vault maps discovered:
D:1:      doesnt_arrival_eight_statues, layout_rooms
D:2:      layout_rooms, grunt_ministairs_5
D:3:      layout_rooms, roderic_filled_cross, grunt_decor_cap
D:4:      layout_basic, nicolae_kikubaaqudgha_miasma_corner,
          nicolae_vehumet_altar_sigil, temple_fountains
D:5:      minmay_evil_eye, layout_basic, serial_shops, nicolae_shop_stone,
          roderic_lattice_a
D:6:      layout_rooms, ebering_ghost_reflecting_pool, grunt_ministairs_6,
          bh_walls_and_bars, uniq_sigmund
Temple:   nicolae_temple_no_exploring_needed

Skill      XL: |  1  2  3  4  5  6  7  8 |
---------------+-------------------------+-----
Unarmed Combat | 4 5 6 7 |  7.6
Shapeshifting  | 5 6 7 8 |  8.0
Fighting       | |  1.1
Dodging        | |  2.6

Action                     |  1- 3 |  4- 6 |  7- 9 || total
---------------------------+-------+-------+-------++-------
  Melee: Unarmed           |    21 |       |       ||    21
         Whip              |    52 |       |       ||    52
         Punch             |     2 |     2 |     1 ||     5
         Rapier            |     8 |    53 |       ||    61
         Mace              |       |     5 |    56 ||    61
         Maw               |       |       |     1 ||     1
    Use: Scroll            |       |     8 |       ||     8
   Stab: Sleeping          |       |     2 |     2 ||     4
 Armour: Ring mail         |    18 |    10 |    21 ||    49
         Animal skin       |     1 |       |       ||     1
         Skin              |       |       |     1 ||     1
  Dodge: Dodged            |    54 |    25 |    38 ||   117
   Form: Maw               |       |       |     1 ||     1

Table legend: (Time is in decaauts)
 A = Elapsed time spent in this place.
 B = Non-inter-level travel time spent in this place.
 C = Inter-level travel time spent in this place.
 D = Time resting spent in this place.
 E = Time spent auto-exploring this place.
 F = Levels seen in this place.
 G = Mean time per level.
                   A        B        C        D        E       F      G
               +--------+--------+--------+--------+--------+-----+--------+
         Total |   4313 |   4134 |    179 |    581 |   2915 |   7 |  616.1 |
       Dungeon |   4289 |   4117 |    172 |    581 |   2915 |   6 |  714.8 |
        Temple |     24 |     17 |      7 |      0 |      0 |   1 |   24.0 |
               +--------+--------+--------+--------+--------+-----+--------+

Top non-repeatable levels by time:
     D:4: 1382 daAuts
     D:5: 1165 daAuts
     D:2: 684 daAuts
     D:1: 459 daAuts
     D:3: 429 daAuts
     D:6: 167 daAuts
  Temple: 24 daAuts
